AoeStats
← Predatory Shadow

Arena

509710598Analyzed
3v3 RM · 5d ago on Sep 27, 2026· 23m 22s· 6 players
Game mode
Random Map
Map size
Normal (6 player)
Population
200
Speed
Normal
Resources
Standard
Victory
Conquest
Starting age
Dark Age
Ending age
Imperial Age
RankedLock teamsTeams togetherTeam positionsShared explorationLock speedFull tech treeHidden civsTurbo modeCheats
Victory
Defeat
🇷🇺 Saracens · Russia
1021
+14
🇷🇺 Bulgarians · Russia
1000
+15
🇺🇸 Goths · United States
996
+16
🇦🇷 Persians · Argentina
990
-15
🇦🇷 Mongols · Argentina
983
-15
🇦🇷 Italians · Argentina
980
-15
ZZ4KI
8:47 Feudal Age
8:04 Loom
9:07 Double-Bit Axe
10:19 Wheelbarrow
12:17 Horse Collar
18:20 Man-at-Arms
21:40 Fletching
25:32 Castle Age
Predatory Shadow
0:27 Loom
9:56 Feudal Age
16:14 Castle Age
16:26 Double-Bit Axe
16:28 Horse Collar
17:51 Stone Mining
Magic3arth
10:25 Feudal Age
14:56 Castle Age
13:14 Double-Bit Axe
Acid Dag
0:27 Loom
11:35 Feudal Age
12:20 Double-Bit Axe
17:43 Castle Age
16:20 Fletching
16:39 Horse Collar
17:02 Man-at-Arms
19:48 Bodkin Arrow
20:36 Bow Saw
21:19 Heavy Plow
21:15 Light Cavalry
22:58 Gold Mining
shamix709
2:57 Loom
10:17 Feudal Age
11:51 Double-Bit Axe
13:07 Stone Mining
18:14 Fletching
18:25 Padded Archer Armor
22:21 Castle Age
gafilter
11:01 Feudal Age
14:58 Castle Age
13:05 Fletching
14:17 Loom
16:34 Bodkin Arrow
21:43 Double-Bit Axe
23:09 Bow Saw
Connection lost

Rejoining the realm…

Still unreachable

The connection could not be restored.

Session expired

The server has moved on; the page needs a fresh start.